[ PARTIDA AOE2 · #483576557 ]
Team RMBritanos vs Wei
[ ANÁLISIS DE REPETICIÓN · EXTRAÍDO DE LA PARTIDA GRABADA ]
Feudal
13:57
Castillos
21:14
Imperial
—
| APM promedio | 12.6 |
| APM pico | 30 |
| eAPM promedio | 6.7 |
| Aldeanos / militares | 47 / 39 |
Foco
⚔️ 24.1% · 🌾 75.9%
Spearman ×32 · Longbowman ×6 · Monk ×1
Feudal
11:21
Castillos
16:40
Imperial
29:52
| APM promedio | 58.1 |
| APM pico | 114 |
| eAPM promedio | 28.6 |
| Aldeanos / militares | 152 / 3 |
Foco
⚔️ 30.5% · 🌾 69.5%
Unknown (1949) ×65 · Unknown (1944) ×23 · Unknown (1942) ×15 · Fishing Ship ×11 · Monk ×2 · Mangonel ×1
Feudal
—
Castillos
—
Imperial
—
| APM promedio | 6.3 |
| APM pico | 18 |
| eAPM promedio | 5.2 |
| Aldeanos / militares | 54 / 8 |
Foco
⚔️ 13.5% · 🌾 86.5%
Fishing Ship ×8 · Knight ×7 · Monk ×1
Feudal
—
Castillos
—
Imperial
—
| APM promedio | 12.2 |
| APM pico | 28 |
| eAPM promedio | 7.9 |
| Aldeanos / militares | 43 / 41 |
Foco
⚔️ 32.2% · 🌾 67.8%
Militia ×19 · Scout Cavalry ×7 · Trade Cart ×7 · Skirmisher ×7 · Spearman ×4 · Archer ×4
Feudal
11:38
Castillos
20:15
Imperial
35:58
| APM promedio | 8.9 |
| APM pico | 28 |
| eAPM promedio | 8.0 |
| Aldeanos / militares | 95 / 31 |
Foco
⚔️ 18.7% · 🌾 81.3%
Scorpion ×27 · Trade Cart ×4 · Centurion ×4
Feudal
10:55
Castillos
27:36
Imperial
—
| APM promedio | 7.5 |
| APM pico | 28 |
| eAPM promedio | 5.3 |
| Aldeanos / militares | 46 / 16 |
Foco
⚔️ 15.5% · 🌾 84.5%
Fishing Ship ×10 · Hussite Wagon ×7 · Archer ×6 · Trade Cart ×4 · Spearman ×3
Feudal
14:11
Castillos
—
Imperial
—
| APM promedio | 9.9 |
| APM pico | 27 |
| eAPM promedio | 7.7 |
| Aldeanos / militares | 32 / 59 |
Foco
⚔️ 34.0% · 🌾 66.0%
Spearman ×59 · Trade Cart ×2
Feudal
—
Castillos
—
Imperial
—
| APM promedio | 5.9 |
| APM pico | 26 |
| eAPM promedio | 5.5 |
| Aldeanos / militares | 133 / 0 |
Foco
⚔️ 24.8% · 🌾 75.2%
Mapa de la partida
Recursos al inicio + cada clic de construcción. Línea gruesa = muro · recuadro discontinuo = muro de casas detectado. 🟡 oro · ⚪ piedra · 🟢 bayas · 🔶 jabalí · ⭕ reliquia
Terreno con sombreado de elevación (luz NO: claro = ladera hacia el noroeste) · ⚠ = hueco de muro detectado
Inputs por minuto
— theshy来了 - - Elite Savage
Build order — theshy来了
Primeras 150 de 156 acciones detectadas
| 0:16 | Construir | House |
| 0:17 | Construir | House |
| 0:19 | Crear | Villager (Male) |
| 0:19 | Crear | Villager (Male) |
| 0:19 | Crear | Villager (Male) |
| 0:19 | Crear | Villager (Male) |
| 0:50 | Construir | Palisade Wall |
| 2:17 | Construir | House |
| 2:43 | Crear | Villager (Male) |
| 2:43 | Crear | Villager (Male) |
| 2:53 | Construir | House |
| 4:04 | Crear | Villager (Male) |
| 4:04 | Crear | Villager (Male) |
| 4:05 | Crear | Villager (Male) |
| 4:05 | Crear | Villager (Male) |
| 4:05 | Crear | Villager (Male) |
| 4:28 | Crear | Villager (Male) |
| 5:11 | Crear | Villager (Male) |
| 5:11 | Crear | Villager (Male) |
| 5:12 | Crear | Villager (Male) |
| 6:00 | Crear | Villager (Male) |
| 6:36 | Crear | Villager (Male) |
| 7:20 | Construir | Mill |
| 7:33 | Construir | Lumber Camp |
| 8:10 | Crear | Villager (Male) |
| 8:10 | Crear | Villager (Male) |
| 8:11 | Crear | Villager (Male) |
| 8:11 | Crear | Villager (Male) |
| 8:11 | Crear | Villager (Male) |
| 8:12 | Crear | Villager (Male) |
| 10:44 | Construir | Mining Camp |
| 10:59 | Construir | Mining Camp |
| 11:34 | Construir | Mill |
| 11:47 | Investigar | Feudal Age |
| 13:45 | Construir | Mining Camp |
| 13:56 | Construir | House |
| 13:57 | Edad | Edad Feudal |
| 13:58 | Construir | House |
| 14:39 | Investigar | Double-Bit Axe |
| 14:47 | Investigar | Horse Collar |
| 15:12 | Crear | Villager (Male) |
| 15:12 | Crear | Villager (Male) |
| 15:12 | Crear | Villager (Male) |
| 15:13 | Crear | Villager (Male) |
| 16:41 | Construir | Barracks |
| 16:50 | Construir | Market |
| 17:09 | Construir | Blacksmith |
| 18:34 | Investigar | Castle Age |
| 18:50 | Construir | Farm |
| 19:01 | Construir | Farm |
| 19:02 | Construir | Farm |
| 19:57 | Construir | Farm |
| 20:03 | Construir | Farm |
| 20:06 | Construir | Farm |
| 20:07 | Construir | Farm |
| 20:51 | Construir | Farm |
| 21:14 | Edad | Edad de los Castillos |
| 21:21 | Investigar | Wheelbarrow |
| 21:43 | Construir | Town Center |
| 21:58 | Investigar | Stone Mining |
| 22:02 | Investigar | Gold Mining |
| 22:16 | Construir | Barracks |
| 22:21 | Construir | Barracks |
| 22:36 | Investigar | Bow Saw |
| 23:11 | Investigar | Pikeman (upgrade) |
| 23:14 | Investigar | Squires |
| 23:35 | Construir | Farm |
| 23:38 | Construir | Farm |
| 24:02 | Crear | Villager (Male) |
| 24:03 | Crear | Villager (Male) |
| 24:03 | Crear | Villager (Male) |
| 24:44 | Construir | Mining Camp |
| 24:48 | Construir | Farm |
| 24:51 | Crear | Villager (Male) |
| 24:51 | Crear | Villager (Male) |
| 24:53 | Crear | Villager (Male) |
| 25:00 | Crear | Villager (Male) |
| 25:04 | Construir | Farm |
| 25:29 | Construir | Farm |
| 25:42 | Crear | Villager (Male) |
| 25:43 | Crear | Villager (Male) |
| 25:53 | Investigar | Heavy Plow |
| 27:52 | Construir | House |
| 27:53 | Construir | House |
| 27:54 | Construir | House |
| 28:06 | Construir | Monastery |
| 28:20 | Investigar | Gold Shaft Mining |
| 28:59 | Construir | Stone Wall |
| 29:04 | Construir | Building 665 |
| 29:09 | Construir | Stone Wall |
| 29:12 | Construir | House |
| 29:13 | Construir | House |
| 29:15 | Construir | House |
| 29:16 | Construir | House |
| 29:27 | Crear | Villager (Male) |
| 29:28 | Crear | Villager (Male) |
| 29:28 | Crear | Villager (Male) |
| 29:33 | Construir | Mining Camp |
| 29:52 | Crear | Spearman |
| 29:52 | Crear | Spearman |
| 29:52 | Crear | Spearman |
| 29:52 | Crear | Spearman |
| 29:55 | Crear | Spearman |
| 29:56 | Crear | Spearman |
| 29:56 | Crear | Spearman |
| 29:56 | Crear | Spearman |
| 29:56 | Crear | Spearman |
| 29:57 | Crear | Spearman |
| 30:33 | Construir | Castle |
| 31:04 | Construir | University |
| 31:11 | Investigar | Hand Cart |
| 31:15 | Crear | Spearman |
| 31:16 | Crear | Spearman |
| 31:16 | Crear | Spearman |
| 31:17 | Crear | Spearman |
| 31:25 | Crear | Monk |
| 31:30 | Crear | Villager (Male) |
| 31:31 | Crear | Villager (Male) |
| 31:31 | Crear | Villager (Male) |
| 31:31 | Crear | Villager (Male) |
| 31:37 | Construir | House |
| 31:40 | Construir | House |
| 31:42 | Construir | House |
| 31:43 | Construir | House |
| 32:07 | Construir | Stone Wall |
| 32:17 | Crear | Spearman |
| 32:18 | Crear | Spearman |
| 32:18 | Crear | Spearman |
| 32:18 | Crear | Spearman |
| 32:18 | Crear | Spearman |
| 32:19 | Crear | Spearman |
| 32:30 | Crear | Villager (Male) |
| 32:30 | Crear | Villager (Male) |
| 32:30 | Crear | Villager (Male) |
| 32:30 | Crear | Villager (Male) |
| 32:40 | Crear | Spearman |
| 32:40 | Crear | Spearman |
| 32:40 | Crear | Spearman |
| 32:41 | Crear | Spearman |
| 32:41 | Crear | Spearman |
| 32:41 | Crear | Spearman |
| 32:50 | Construir | Building 487 |
| 33:37 | Crear | Longbowman |
| 33:38 | Crear | Longbowman |
| 33:38 | Crear | Longbowman |
| 33:38 | Crear | Longbowman |
| 33:39 | Crear | Longbowman |
| 33:39 | Crear | Longbowman |
| 34:00 | Crear | Spearman |
| 34:00 | Crear | Spearman |
Build order — Elite Savage
Primeras 150 de 472 acciones detectadas
| 0:00 | Crear | Villager (Male) |
| 0:01 | Crear | Villager (Male) |
| 0:02 | Construir | House |
| 0:04 | Construir | House |
| 0:10 | Crear | Villager (Male) |
| 0:11 | Crear | Villager (Male) |
| 0:11 | Crear | Villager (Male) |
| 0:11 | Crear | Villager (Male) |
| 1:33 | Crear | Villager (Male) |
| 1:33 | Crear | Villager (Male) |
| 1:33 | Crear | Villager (Male) |
| 1:33 | Crear | Villager (Male) |
| 2:00 | Crear | Villager (Male) |
| 2:00 | Crear | Villager (Male) |
| 2:00 | Crear | Villager (Male) |
| 2:13 | Crear | Villager (Male) |
| 2:13 | Crear | Villager (Male) |
| 2:41 | Crear | Villager (Male) |
| 2:42 | Crear | Villager (Male) |
| 2:45 | Construir | Lumber Camp |
| 2:53 | Crear | Villager (Male) |
| 3:03 | Construir | House |
| 3:04 | Construir | House |
| 3:37 | Crear | Villager (Male) |
| 3:41 | Crear | Villager (Male) |
| 3:41 | Crear | Villager (Male) |
| 3:59 | Crear | Villager (Male) |
| 3:59 | Crear | Villager (Male) |
| 4:24 | Crear | Villager (Male) |
| 4:24 | Crear | Villager (Male) |
| 5:10 | Crear | Villager (Male) |
| 5:10 | Crear | Villager (Male) |
| 5:23 | Construir | Mill |
| 5:39 | Construir | House |
| 5:44 | Crear | Villager (Male) |
| 5:45 | Crear | Villager (Male) |
| 5:45 | Crear | Villager (Male) |
| 5:45 | Crear | Villager (Male) |
| 6:28 | Crear | Villager (Male) |
| 6:29 | Crear | Villager (Male) |
| 6:38 | Crear | Villager (Male) |
| 6:38 | Crear | Villager (Male) |
| 7:13 | Crear | Villager (Male) |
| 7:14 | Crear | Villager (Male) |
| 7:28 | Crear | Villager (Male) |
| 7:28 | Crear | Villager (Male) |
| 7:28 | Crear | Villager (Male) |
| 7:28 | Crear | Villager (Male) |
| 7:28 | Crear | Villager (Male) |
| 7:36 | Crear | Villager (Male) |
| 7:36 | Crear | Villager (Male) |
| 7:36 | Crear | Villager (Male) |
| 8:40 | Crear | Villager (Male) |
| 8:49 | Investigar | Feudal Age |
| 8:49 | Investigar | Feudal Age |
| 8:49 | Investigar | Feudal Age |
| 10:00 | Crear | Villager (Male) |
| 10:00 | Crear | Villager (Male) |
| 10:00 | Crear | Villager (Male) |
| 10:04 | Crear | Villager (Male) |
| 10:05 | Crear | Villager (Male) |
| 10:05 | Crear | Villager (Male) |
| 10:05 | Crear | Villager (Male) |
| 10:06 | Crear | Villager (Male) |
| 10:06 | Crear | Villager (Male) |
| 10:26 | Construir | Farm |
| 10:28 | Construir | Farm |
| 11:12 | Construir | Dock |
| 11:21 | Edad | Edad Feudal |
| 11:21 | Investigar | Horse Collar |
| 11:21 | Investigar | Horse Collar |
| 11:22 | Investigar | Double-Bit Axe |
| 11:22 | Investigar | Double-Bit Axe |
| 11:25 | Construir | Market |
| 11:29 | Construir | Blacksmith |
| 12:08 | Investigar | Tech 906 |
| 12:09 | Investigar | Tech 906 |
| 12:17 | Crear | Villager (Male) |
| 12:34 | Construir | House |
| 12:37 | Investigar | Wheelbarrow |
| 12:37 | Investigar | Wheelbarrow |
| 12:37 | Investigar | Wheelbarrow |
| 13:17 | Construir | House |
| 13:24 | Construir | House |
| 13:37 | Construir | House |
| 13:55 | Construir | Lumber Camp |
| 14:00 | Investigar | Castle Age |
| 14:06 | Construir | House |
| 14:45 | Construir | House |
| 14:58 | Crear | Villager (Male) |
| 14:58 | Crear | Villager (Male) |
| 14:59 | Crear | Villager (Male) |
| 15:43 | Crear | Fishing Ship |
| 15:43 | Crear | Fishing Ship |
| 15:44 | Crear | Fishing Ship |
| 15:44 | Crear | Fishing Ship |
| 15:44 | Crear | Fishing Ship |
| 16:40 | Edad | Edad de los Castillos |
| 16:43 | Construir | Town Center |
| 16:45 | Construir | Town Center |
| 16:46 | Investigar | Bow Saw |
| 16:46 | Investigar | Bow Saw |
| 16:47 | Investigar | Heavy Plow |
| 16:47 | Investigar | Heavy Plow |
| 16:47 | Investigar | Heavy Plow |
| 16:59 | Construir | House |
| 17:08 | Construir | House |
| 17:36 | Crear | Villager (Male) |
| 17:37 | Crear | Villager (Male) |
| 17:38 | Crear | Villager (Male) |
| 17:43 | Crear | Villager (Male) |
| 17:44 | Crear | Villager (Male) |
| 17:53 | Crear | Villager (Male) |
| 18:17 | Crear | Villager (Male) |
| 18:18 | Crear | Villager (Male) |
| 18:18 | Crear | Villager (Male) |
| 18:18 | Crear | Villager (Male) |
| 18:18 | Crear | Villager (Male) |
| 18:18 | Crear | Villager (Male) |
| 18:28 | Construir | Fish Trap |
| 18:28 | Construir | Fish Trap |
| 18:29 | Construir | Fish Trap |
| 18:30 | Construir | Fish Trap |
| 18:32 | Construir | Farm |
| 18:35 | Construir | Farm |
| 18:36 | Construir | Farm |
| 18:38 | Crear | Villager (Male) |
| 18:38 | Crear | Villager (Male) |
| 18:40 | Construir | Farm |
| 18:41 | Construir | Farm |
| 18:43 | Construir | Farm |
| 19:03 | Construir | Town Center |
| 19:22 | Crear | Villager (Male) |
| 19:37 | Crear | Fishing Ship |
| 19:47 | Crear | Villager (Male) |
| 19:49 | Construir | Farm |
| 19:51 | Construir | Farm |
| 19:52 | Crear | Villager (Male) |
| 19:58 | Construir | Mining Camp |
| 20:01 | Construir | House |
| 20:02 | Construir | House |
| 20:02 | Construir | House |
| 20:08 | Investigar | Gillnets |
| 20:25 | Investigar | Gold Mining |
| 20:25 | Investigar | Gold Mining |
| 20:26 | Investigar | Gold Mining |
| 20:26 | Crear | Villager (Male) |
| 20:36 | Construir | Farm |
| 20:37 | Construir | Farm |
| 20:39 | Construir | Farm |
Build order — WaitedFire4762
149 acciones detectadas en el replay
| 0:09 | Construir | House |
| 0:14 | Construir | House |
| 0:22 | Crear | Villager (Male) |
| 0:23 | Crear | Villager (Male) |
| 0:23 | Crear | Villager (Male) |
| 0:23 | Crear | Villager (Male) |
| 0:24 | Crear | Villager (Male) |
| 0:25 | Investigar | Loom |
| 0:57 | Construir | House |
| 1:01 | Construir | House |
| 1:06 | Construir | House |
| 1:11 | Construir | House |
| 1:15 | Construir | House |
| 4:23 | Crear | Villager (Male) |
| 4:23 | Crear | Villager (Male) |
| 4:23 | Crear | Villager (Male) |
| 5:00 | Construir | Dock |
| 6:42 | Crear | Villager (Male) |
| 6:42 | Crear | Villager (Male) |
| 6:42 | Crear | Villager (Male) |
| 6:43 | Crear | Villager (Male) |
| 6:43 | Crear | Villager (Male) |
| 7:14 | Crear | Villager (Male) |
| 7:15 | Crear | Villager (Male) |
| 8:19 | Construir | Lumber Camp |
| 8:33 | Crear | Villager (Male) |
| 8:33 | Crear | Villager (Male) |
| 8:33 | Crear | Villager (Male) |
| 8:34 | Crear | Villager (Male) |
| 8:34 | Crear | Villager (Male) |
| 10:45 | Crear | Villager (Male) |
| 10:47 | Crear | Villager (Male) |
| 10:47 | Crear | Villager (Male) |
| 10:47 | Crear | Villager (Male) |
| 10:47 | Crear | Villager (Male) |
| 10:48 | Crear | Villager (Male) |
| 11:27 | Crear | Villager (Male) |
| 11:28 | Crear | Villager (Male) |
| 13:24 | Crear | Fishing Ship |
| 13:24 | Crear | Fishing Ship |
| 13:25 | Crear | Fishing Ship |
| 13:28 | Crear | Fishing Ship |
| 13:38 | Crear | Villager (Male) |
| 13:39 | Crear | Villager (Male) |
| 14:33 | Construir | House |
| 14:38 | Construir | House |
| 14:42 | Construir | House |
| 14:46 | Construir | House |
| 14:51 | Crear | Villager (Male) |
| 14:51 | Crear | Villager (Male) |
| 15:32 | Investigar | Feudal Age |
| 16:09 | Crear | Villager (Male) |
| 17:21 | Construir | Mill |
| 17:59 | Investigar | Wheelbarrow |
| 18:01 | Crear | Villager (Male) |
| 18:02 | Crear | Villager (Male) |
| 18:02 | Crear | Villager (Male) |
| 18:02 | Crear | Villager (Male) |
| 19:19 | Construir | Mining Camp |
| 21:00 | Construir | Mining Camp |
| 21:08 | Crear | Villager (Male) |
| 21:08 | Crear | Villager (Male) |
| 21:08 | Crear | Villager (Male) |
| 21:09 | Crear | Villager (Male) |
| 21:28 | Construir | Farm |
| 21:34 | Construir | Farm |
| 21:38 | Construir | Farm |
| 21:43 | Construir | Farm |
| 21:49 | Construir | Farm |
| 22:12 | Construir | House |
| 22:17 | Construir | House |
| 22:20 | Construir | House |
| 22:26 | Construir | House |
| 22:30 | Construir | House |
| 22:37 | Construir | House |
| 22:42 | Construir | House |
| 22:47 | Construir | House |
| 22:52 | Construir | House |
| 22:55 | Construir | House |
| 23:00 | Construir | House |
| 23:04 | Construir | House |
| 23:09 | Construir | House |
| 23:15 | Construir | House |
| 23:19 | Construir | House |
| 23:23 | Construir | House |
| 23:35 | Construir | Fish Trap |
| 23:48 | Construir | Farm |
| 23:53 | Construir | Farm |
| 23:58 | Construir | Farm |
| 24:03 | Construir | Farm |
| 24:09 | Construir | Farm |
| 24:14 | Construir | Mill |
| 24:21 | Construir | Fish Trap |
| 24:31 | Construir | Fish Trap |
| 24:38 | Construir | Fish Trap |
| 24:42 | Crear | Fishing Ship |
| 24:42 | Crear | Fishing Ship |
| 24:42 | Crear | Fishing Ship |
| 24:43 | Investigar | Tech 906 |
| 24:47 | Crear | Fishing Ship |
| 24:53 | Crear | Villager (Male) |
| 24:54 | Crear | Villager (Male) |
| 24:54 | Crear | Villager (Male) |
| 24:54 | Crear | Villager (Male) |
| 24:55 | Crear | Villager (Male) |
| 24:55 | Crear | Villager (Male) |
| 25:07 | Investigar | Gold Mining |
| 25:08 | Investigar | Stone Mining |
| 25:30 | Construir | Farm |
| 25:36 | Construir | Farm |
| 25:43 | Construir | Farm |
| 25:54 | Construir | Farm |
| 26:21 | Construir | Fish Trap |
| 26:48 | Construir | Fish Trap |
| 27:40 | Construir | Fish Trap |
| 27:50 | Construir | Fish Trap |
| 28:57 | Crear | Villager (Male) |
| 28:58 | Crear | Villager (Male) |
| 29:19 | Construir | Blacksmith |
| 29:26 | Construir | Market |
| 31:23 | Construir | Barracks |
| 32:11 | Investigar | Castle Age |
| 32:43 | Crear | Villager (Male) |
| 32:43 | Crear | Villager (Male) |
| 32:43 | Crear | Villager (Male) |
| 32:44 | Crear | Villager (Male) |
| 32:44 | Crear | Villager (Male) |
| 33:08 | Construir | Lumber Camp |
| 33:12 | Investigar | Double-Bit Axe |
| 33:55 | Construir | Stable |
| 34:00 | Construir | Stable |
| 34:54 | Investigar | Forging |
| 34:54 | Investigar | Scale Mail Armor |
| 34:55 | Investigar | Scale Barding Armor |
| 34:56 | Investigar | Fletching |
| 34:57 | Investigar | Padded Archer Armor |
| 35:11 | Construir | Castle |
| 35:25 | Construir | Monastery |
| 35:29 | Investigar | Husbandry |
| 35:52 | Construir | Stable |
| 36:14 | Crear | Monk |
| 36:43 | Construir | Stable |
| 37:17 | Crear | Knight |
| 37:17 | Crear | Knight |
| 37:18 | Crear | Knight |
| 37:18 | Crear | Knight |
| 37:18 | Crear | Knight |
| 37:18 | Crear | Knight |
| 37:19 | Crear | Knight |
Build order — ElderWisdom8902
142 acciones detectadas en el replay
| 0:08 | Construir | Mill |
| 0:53 | Construir | House |
| 0:55 | Construir | House |
| 1:42 | Crear | Villager (Male) |
| 2:35 | Crear | Villager (Male) |
| 3:20 | Crear | Villager (Male) ×3 |
| 3:20 | Crear | Villager (Male) ×3 |
| 3:50 | Crear | Villager (Male) |
| 4:03 | Crear | Villager (Male) |
| 4:34 | Crear | Villager (Male) |
| 5:37 | Crear | Villager (Male) |
| 5:38 | Crear | Villager (Male) |
| 5:57 | Construir | Lumber Camp |
| 7:11 | Construir | House |
| 7:16 | Construir | House |
| 7:19 | Construir | House |
| 7:25 | Crear | Villager (Male) |
| 7:26 | Crear | Villager (Male) |
| 7:26 | Crear | Villager (Male) |
| 7:26 | Crear | Villager (Male) |
| 8:53 | Construir | Mill |
| 9:47 | Crear | Villager (Male) |
| 9:48 | Crear | Villager (Male) |
| 9:48 | Crear | Villager (Male) |
| 9:49 | Crear | Villager (Male) |
| 10:37 | Construir | Barracks |
| 10:51 | Construir | Palisade Wall |
| 10:56 | Construir | Palisade Wall |
| 11:34 | Investigar | Feudal Age |
| 11:37 | Investigar | Loom |
| 11:50 | Construir | Palisade Wall |
| 12:02 | Construir | House |
| 12:12 | Construir | Mill |
| 12:19 | Crear | Militia |
| 12:23 | Crear | Militia |
| 12:33 | Construir | Mining Camp |
| 14:08 | Investigar | Wheelbarrow |
| 14:09 | Investigar | Town Watch |
| 14:11 | Crear | Villager (Male) ×2 |
| 14:19 | Construir | Market |
| 15:22 | Investigar | Double-Bit Axe |
| 16:01 | Construir | Palisade Wall |
| 16:06 | Construir | Stable |
| 16:18 | Construir | Barracks |
| 16:25 | Construir | Watch Tower |
| 16:27 | Construir | Watch Tower |
| 17:06 | Construir | Mining Camp |
| 17:09 | Crear | Villager (Male) ×5 |
| 17:30 | Construir | Farm |
| 17:31 | Construir | Farm |
| 17:31 | Construir | Farm |
| 17:33 | Construir | Farm |
| 17:56 | Crear | Scout Cavalry |
| 17:57 | Investigar | Bloodlines |
| 19:04 | Investigar | Man-at-Arms (upgrade) |
| 19:08 | Crear | Militia |
| 19:20 | Construir | Stone Wall |
| 19:25 | Construir | Barracks |
| 19:33 | Construir | Stable |
| 20:17 | Construir | House |
| 20:22 | Construir | House |
| 20:53 | Construir | Palisade Wall |
| 21:10 | Crear | Militia |
| 21:11 | Crear | Militia |
| 21:31 | Construir | Palisade Gate |
| 21:35 | Construir | Palisade Wall |
| 21:47 | Construir | House |
| 21:48 | Construir | House |
| 21:48 | Construir | House |
| 21:49 | Construir | House |
| 21:56 | Construir | Building 796 |
| 22:01 | Crear | Villager (Male) ×5 |
| 22:23 | Construir | Mining Camp |
| 22:48 | Construir | Building 796 |
| 23:23 | Construir | Palisade Wall |
| 23:30 | Construir | Building 800 |
| 23:41 | Construir | Watch Tower |
| 24:15 | Crear | Militia |
| 24:16 | Crear | Militia |
| 24:17 | Crear | Militia |
| 24:34 | Construir | Lumber Camp |
| 24:40 | Crear | Trade Cart |
| 24:40 | Crear | Trade Cart |
| 24:41 | Crear | Trade Cart |
| 24:41 | Crear | Trade Cart |
| 25:20 | Construir | Archery Range |
| 25:36 | Crear | Villager (Male) ×2 |
| 25:54 | Crear | Villager (Male) ×5 |
| 26:39 | Construir | Mill |
| 26:48 | Construir | Farm |
| 26:52 | Construir | Farm |
| 26:53 | Construir | Farm |
| 26:57 | Construir | Farm |
| 27:04 | Construir | Mining Camp |
| 27:19 | Crear | Villager (Male) |
| 27:19 | Crear | Villager (Male) |
| 27:29 | Crear | Scout Cavalry |
| 27:30 | Crear | Scout Cavalry |
| 27:36 | Crear | Militia |
| 27:36 | Crear | Militia |
| 27:41 | Crear | Skirmisher |
| 27:41 | Crear | Skirmisher |
| 29:10 | Crear | Spearman ×4 |
| 29:18 | Crear | Archer |
| 29:19 | Crear | Archer |
| 29:20 | Crear | Archer |
| 29:20 | Crear | Archer |
| 29:43 | Construir | Farm |
| 29:48 | Investigar | Horse Collar |
| 32:11 | Crear | Militia |
| 32:12 | Crear | Militia |
| 32:13 | Crear | Militia |
| 32:14 | Crear | Militia |
| 32:15 | Investigar | Arson |
| 32:26 | Crear | Skirmisher |
| 32:27 | Crear | Skirmisher |
| 32:28 | Crear | Skirmisher |
| 32:28 | Crear | Skirmisher |
| 32:29 | Crear | Skirmisher |
| 32:41 | Crear | Villager (Male) |
| 32:52 | Investigar | Stone Mining |
| 32:53 | Investigar | Gold Mining |
| 32:59 | Construir | House |
| 32:59 | Construir | House |
| 33:00 | Construir | House |
| 33:00 | Construir | House |
| 33:02 | Construir | House |
| 33:02 | Construir | House |
| 33:03 | Construir | House |
| 33:05 | Construir | House |
| 33:06 | Construir | House |
| 33:07 | Construir | House |
| 33:07 | Construir | House |
| 33:21 | Crear | Trade Cart |
| 33:21 | Crear | Trade Cart |
| 33:23 | Crear | Trade Cart |
| 34:36 | Crear | Scout Cavalry |
| 34:36 | Crear | Scout Cavalry |
| 34:40 | Crear | Scout Cavalry |
| 34:41 | Crear | Scout Cavalry |
| 34:52 | Construir | Lumber Camp |
| 35:05 | Crear | Militia ×5 |
Build order — 935032334
Primeras 150 de 218 acciones detectadas
| 0:08 | Crear | Villager (Male) |
| 0:08 | Investigar | Loom |
| 0:08 | Crear | Villager (Male) |
| 0:09 | Crear | Villager (Male) |
| 0:09 | Crear | Villager (Male) |
| 0:09 | Crear | Villager (Male) |
| 0:24 | Construir | House |
| 0:52 | Construir | House |
| 1:28 | Construir | House |
| 1:55 | Construir | House |
| 2:02 | Crear | Villager (Male) |
| 2:02 | Crear | Villager (Male) |
| 2:56 | Crear | Villager (Male) |
| 2:56 | Crear | Villager (Male) |
| 3:06 | Crear | Villager (Male) |
| 3:06 | Crear | Villager (Male) |
| 3:25 | Crear | Villager (Male) |
| 3:25 | Crear | Villager (Male) |
| 4:14 | Crear | Villager (Male) |
| 4:15 | Crear | Villager (Male) |
| 4:15 | Crear | Villager (Male) |
| 4:41 | Crear | Villager (Male) |
| 4:41 | Crear | Villager (Male) |
| 4:41 | Crear | Villager (Male) |
| 5:13 | Crear | Villager (Male) |
| 5:13 | Crear | Villager (Male) |
| 5:13 | Crear | Villager (Male) |
| 6:32 | Crear | Villager (Male) |
| 6:32 | Crear | Villager (Male) |
| 7:53 | Crear | Villager (Male) |
| 8:05 | Construir | Mill |
| 8:11 | Construir | Lumber Camp |
| 9:19 | Construir | Mill |
| 9:28 | Investigar | Feudal Age |
| 10:21 | Crear | Villager (Male) |
| 11:36 | Crear | Villager (Male) |
| 11:36 | Crear | Villager (Male) |
| 11:37 | Crear | Villager (Male) |
| 11:38 | Edad | Edad Feudal |
| 12:12 | Construir | Blacksmith |
| 13:29 | Crear | Villager (Male) |
| 13:29 | Crear | Villager (Male) |
| 13:29 | Crear | Villager (Male) |
| 13:37 | Construir | Market |
| 14:00 | Construir | Mining Camp |
| 14:52 | Crear | Villager (Male) |
| 15:01 | Construir | House |
| 15:31 | Crear | Villager (Male) |
| 15:33 | Crear | Villager (Male) |
| 16:20 | Construir | Barracks |
| 16:32 | Construir | Mining Camp |
| 16:39 | Crear | Villager (Male) |
| 17:35 | Investigar | Castle Age |
| 17:53 | Construir | Farm |
| 17:54 | Construir | Farm |
| 17:55 | Construir | Farm |
| 17:56 | Construir | Farm |
| 17:58 | Construir | Farm |
| 18:01 | Construir | Farm |
| 18:02 | Construir | Farm |
| 18:16 | Construir | Farm |
| 18:22 | Construir | Farm |
| 18:39 | Investigar | Double-Bit Axe |
| 18:42 | Investigar | Horse Collar |
| 19:10 | Investigar | Stone Mining |
| 19:22 | Construir | Farm |
| 19:54 | Crear | Villager (Male) |
| 19:54 | Crear | Villager (Male) |
| 19:54 | Crear | Villager (Male) |
| 19:54 | Crear | Villager (Male) |
| 20:15 | Edad | Edad de los Castillos |
| 20:36 | Construir | Siege Workshop |
| 20:58 | Crear | Villager (Male) |
| 20:58 | Crear | Villager (Male) |
| 21:10 | Construir | House |
| 21:27 | Crear | Villager (Male) |
| 21:39 | Construir | Town Center |
| 22:12 | Crear | Villager (Male) |
| 22:18 | Investigar | Bow Saw |
| 23:09 | Construir | Town Center |
| 23:18 | Crear | Villager (Male) |
| 23:18 | Crear | Villager (Male) |
| 23:18 | Crear | Villager (Male) |
| 23:18 | Crear | Villager (Male) |
| 23:19 | Crear | Villager (Male) |
| 23:47 | Construir | Farm |
| 23:49 | Construir | Farm |
| 23:54 | Crear | Villager (Male) |
| 24:14 | Investigar | Gold Mining |
| 24:37 | Crear | Villager (Male) |
| 24:37 | Crear | Villager (Male) |
| 24:46 | Construir | House |
| 24:56 | Investigar | Wheelbarrow |
| 25:00 | Crear | Villager (Male) |
| 25:13 | Construir | Lumber Camp |
| 25:20 | Construir | Farm |
| 25:24 | Crear | Villager (Male) |
| 25:24 | Crear | Villager (Male) |
| 25:25 | Crear | Villager (Male) |
| 25:32 | Construir | House |
| 25:46 | Construir | Farm |
| 25:49 | Crear | Villager (Male) |
| 25:49 | Crear | Villager (Male) |
| 25:54 | Crear | Villager (Male) |
| 25:54 | Crear | Villager (Male) |
| 25:54 | Crear | Villager (Male) |
| 26:11 | Construir | House |
| 26:12 | Construir | House |
| 26:13 | Construir | House |
| 26:28 | Construir | Farm |
| 26:53 | Construir | Farm |
| 26:54 | Crear | Villager (Male) |
| 26:55 | Crear | Villager (Male) |
| 27:01 | Construir | Farm |
| 27:06 | Crear | Villager (Male) |
| 27:09 | Investigar | Heavy Plow |
| 27:13 | Investigar | Gold Shaft Mining |
| 27:36 | Construir | Castle |
| 27:46 | Crear | Villager (Male) |
| 27:46 | Crear | Villager (Male) |
| 27:46 | Crear | Villager (Male) |
| 27:47 | Crear | Villager (Male) |
| 27:53 | Construir | Farm |
| 27:54 | Construir | Farm |
| 28:04 | Construir | House |
| 28:16 | Crear | Villager (Male) |
| 28:16 | Crear | Villager (Male) |
| 28:21 | Construir | Farm |
| 28:31 | Crear | Villager (Male) |
| 28:46 | Construir | University |
| 29:03 | Crear | Trade Cart |
| 29:03 | Crear | Trade Cart |
| 29:03 | Crear | Trade Cart |
| 29:03 | Crear | Trade Cart |
| 29:04 | Investigar | Caravan |
| 29:31 | Crear | Scorpion |
| 29:31 | Crear | Scorpion |
| 29:32 | Crear | Scorpion |
| 29:38 | Construir | Farm |
| 29:47 | Construir | Farm |
| 29:51 | Construir | Farm |
| 30:00 | Investigar | Hand Cart |
| 30:07 | Crear | Villager (Male) |
| 30:07 | Crear | Villager (Male) |
| 30:07 | Crear | Villager (Male) |
| 30:07 | Crear | Villager (Male) |
| 30:07 | Crear | Villager (Male) |
| 30:12 | Construir | House |
| 30:13 | Construir | House |
| 30:14 | Construir | House |
Build order — Zyiram
137 acciones detectadas en el replay
| 0:26 | Crear | Villager (Male) |
| 0:26 | Crear | Villager (Male) |
| 0:26 | Investigar | Loom |
| 1:12 | Construir | House |
| 1:13 | Construir | House |
| 1:17 | Crear | Villager (Male) |
| 1:54 | Crear | Villager (Male) |
| 4:00 | Crear | Villager (Male) |
| 4:58 | Construir | Mill |
| 6:13 | Crear | Villager (Male) |
| 7:57 | Construir | Lumber Camp |
| 8:06 | Crear | Villager (Male) |
| 8:45 | Investigar | Feudal Age |
| 8:45 | Investigar | Feudal Age |
| 9:18 | Crear | Villager (Male) |
| 9:18 | Crear | Villager (Male) |
| 9:50 | Crear | Villager (Male) |
| 9:50 | Crear | Villager (Male) |
| 10:55 | Edad | Edad Feudal |
| 12:07 | Crear | Villager (Male) |
| 12:07 | Crear | Villager (Male) |
| 12:07 | Crear | Villager (Male) |
| 12:07 | Crear | Villager (Male) |
| 12:09 | Crear | Villager (Male) |
| 12:09 | Crear | Villager (Male) |
| 12:18 | Construir | House |
| 12:20 | Construir | House |
| 12:25 | Construir | House |
| 14:05 | Construir | Farm |
| 14:07 | Construir | Farm |
| 14:11 | Construir | Farm |
| 14:17 | Construir | Farm |
| 14:20 | Construir | Farm |
| 15:00 | Construir | Farm |
| 15:28 | Crear | Villager (Male) |
| 15:28 | Crear | Villager (Male) |
| 15:32 | Crear | Villager (Male) |
| 16:18 | Investigar | Wheelbarrow |
| 16:32 | Construir | Mining Camp |
| 17:17 | Construir | Mining Camp |
| 17:36 | Construir | House |
| 17:37 | Construir | House |
| 17:38 | Construir | House |
| 18:18 | Crear | Villager (Male) |
| 18:18 | Crear | Villager (Male) |
| 18:27 | Crear | Villager (Male) |
| 18:28 | Crear | Villager (Male) |
| 19:08 | Construir | Market |
| 19:32 | Construir | House |
| 19:35 | Construir | House |
| 19:52 | Investigar | Double-Bit Axe |
| 20:18 | Crear | Villager (Male) |
| 20:18 | Crear | Villager (Male) |
| 20:28 | Crear | Villager (Male) |
| 20:46 | Construir | Barracks |
| 21:35 | Construir | Barracks |
| 21:46 | Crear | Villager (Male) |
| 21:47 | Crear | Villager (Male) |
| 21:47 | Crear | Villager (Male) |
| 22:25 | Construir | Farm |
| 23:04 | Construir | Blacksmith |
| 23:09 | Crear | Trade Cart |
| 23:09 | Crear | Trade Cart |
| 24:06 | Crear | Villager (Male) |
| 24:06 | Crear | Villager (Male) |
| 24:09 | Crear | Villager (Male) |
| 24:50 | Investigar | Castle Age |
| 25:05 | Construir | Mining Camp |
| 25:48 | Investigar | Forging |
| 26:14 | Construir | Archery Range |
| 26:34 | Crear | Villager (Male) |
| 26:34 | Crear | Villager (Male) |
| 26:34 | Crear | Villager (Male) |
| 26:35 | Crear | Villager (Male) |
| 26:35 | Crear | Villager (Male) |
| 27:00 | Construir | House |
| 27:02 | Construir | House |
| 27:04 | Construir | House |
| 27:06 | Construir | House |
| 27:08 | Construir | House |
| 27:36 | Edad | Edad de los Castillos |
| 27:43 | Crear | Spearman |
| 27:43 | Crear | Spearman |
| 27:44 | Crear | Spearman |
| 27:57 | Crear | Archer |
| 27:57 | Crear | Archer |
| 27:57 | Crear | Archer |
| 27:58 | Crear | Archer |
| 27:58 | Crear | Archer |
| 27:58 | Crear | Archer |
| 28:56 | Construir | Castle |
| 29:21 | Crear | Villager (Male) |
| 29:21 | Crear | Villager (Male) |
| 29:21 | Crear | Villager (Male) |
| 30:59 | Construir | University |
| 31:06 | Crear | Hussite Wagon |
| 31:06 | Crear | Hussite Wagon |
| 31:07 | Crear | Hussite Wagon |
| 31:08 | Crear | Hussite Wagon |
| 31:08 | Crear | Hussite Wagon |
| 31:49 | Investigar | Iron Casting |
| 31:51 | Investigar | Fletching |
| 31:56 | Investigar | Padded Archer Armor |
| 32:04 | Construir | Dock |
| 32:13 | Crear | Hussite Wagon |
| 32:14 | Crear | Hussite Wagon |
| 32:20 | Crear | Villager (Male) |
| 32:20 | Crear | Villager (Male) |
| 32:21 | Crear | Villager (Male) |
| 32:21 | Crear | Villager (Male) |
| 32:21 | Crear | Villager (Male) |
| 33:45 | Construir | Town Center |
| 33:56 | Crear | Fishing Ship |
| 33:56 | Crear | Fishing Ship |
| 33:56 | Crear | Fishing Ship |
| 33:57 | Crear | Fishing Ship |
| 33:57 | Crear | Fishing Ship |
| 33:57 | Crear | Fishing Ship |
| 33:57 | Crear | Fishing Ship |
| 33:58 | Crear | Fishing Ship |
| 33:58 | Crear | Fishing Ship |
| 33:58 | Crear | Fishing Ship |
| 34:00 | Investigar | Tech 906 |
| 34:44 | Crear | Trade Cart |
| 34:44 | Crear | Trade Cart |
| 35:17 | Construir | Lumber Camp |
| 35:25 | Investigar | Bow Saw |
| 36:14 | Investigar | Chemistry |
| 37:18 | Construir | Castle |
| 37:38 | Construir | House |
| 37:41 | Construir | House |
| 37:47 | Construir | House |
| 37:53 | Construir | House |
| 37:54 | Construir | House |
| 37:56 | Construir | House |
| 38:24 | Construir | Stone Wall |
| 39:50 | Construir | Building 490 |
Build order — Fake
Primeras 150 de 155 acciones detectadas
| 0:17 | Crear | Villager (Male) |
| 0:17 | Crear | Villager (Male) |
| 0:17 | Crear | Villager (Male) |
| 0:18 | Crear | Villager (Male) |
| 0:18 | Crear | Villager (Male) |
| 0:33 | Construir | Lumber Camp |
| 1:14 | Construir | House |
| 1:17 | Construir | House |
| 1:18 | Construir | House |
| 1:21 | Construir | House |
| 1:23 | Construir | House |
| 1:25 | Construir | House |
| 1:27 | Construir | House |
| 1:29 | Construir | House |
| 1:34 | Construir | House |
| 1:34 | Construir | House |
| 1:34 | Construir | House |
| 1:36 | Construir | House |
| 2:51 | Crear | Villager (Male) |
| 4:50 | Crear | Villager (Male) |
| 4:51 | Crear | Villager (Male) |
| 6:09 | Crear | Villager (Male) |
| 6:10 | Crear | Villager (Male) |
| 7:20 | Construir | Mill |
| 7:29 | Crear | Villager (Male) |
| 7:30 | Crear | Villager (Male) |
| 8:52 | Crear | Villager (Male) |
| 8:52 | Crear | Villager (Male) |
| 8:53 | Crear | Villager (Male) |
| 9:14 | Construir | Barracks |
| 9:17 | Construir | Barracks |
| 10:39 | Construir | Mining Camp |
| 12:01 | Investigar | Feudal Age |
| 12:02 | Investigar | Loom |
| 12:32 | Construir | Farm |
| 13:46 | Construir | Palisade Wall |
| 14:11 | Edad | Edad Feudal |
| 14:35 | Construir | Farm |
| 14:38 | Construir | Farm |
| 14:41 | Construir | Farm |
| 14:44 | Construir | Farm |
| 15:10 | Crear | Villager (Male) |
| 15:10 | Crear | Villager (Male) |
| 15:11 | Crear | Villager (Male) |
| 15:11 | Crear | Villager (Male) |
| 15:11 | Crear | Villager (Male) |
| 16:09 | Construir | House |
| 16:13 | Construir | House |
| 16:33 | Construir | Mining Camp |
| 16:48 | Crear | Spearman |
| 16:48 | Crear | Spearman |
| 16:49 | Crear | Spearman |
| 16:49 | Crear | Spearman |
| 16:49 | Crear | Spearman |
| 16:50 | Crear | Spearman |
| 16:50 | Crear | Spearman |
| 18:15 | Crear | Villager (Male) |
| 18:15 | Crear | Villager (Male) |
| 18:16 | Crear | Villager (Male) |
| 18:16 | Crear | Villager (Male) |
| 18:16 | Crear | Villager (Male) |
| 19:15 | Crear | Spearman |
| 19:16 | Crear | Spearman |
| 19:16 | Crear | Spearman |
| 19:16 | Crear | Spearman |
| 19:17 | Crear | Spearman |
| 20:20 | Construir | Farm |
| 21:05 | Crear | Spearman |
| 21:05 | Crear | Spearman |
| 21:05 | Crear | Spearman |
| 21:06 | Crear | Spearman |
| 21:16 | Crear | Spearman |
| 21:17 | Crear | Spearman |
| 21:17 | Crear | Spearman |
| 22:12 | Construir | House |
| 22:19 | Construir | House |
| 22:26 | Construir | House |
| 22:28 | Construir | House |
| 22:30 | Construir | House |
| 22:33 | Construir | House |
| 22:42 | Crear | Villager (Male) |
| 22:42 | Crear | Villager (Male) |
| 23:54 | Construir | Blacksmith |
| 23:58 | Construir | Market |
| 25:23 | Crear | Spearman |
| 25:24 | Crear | Spearman |
| 25:24 | Crear | Spearman |
| 25:24 | Crear | Spearman |
| 25:25 | Crear | Spearman |
| 25:25 | Crear | Spearman |
| 25:25 | Crear | Spearman |
| 25:26 | Crear | Spearman |
| 25:26 | Crear | Spearman |
| 25:50 | Crear | Villager (Male) |
| 25:51 | Crear | Villager (Male) |
| 25:51 | Crear | Villager (Male) |
| 26:28 | Construir | Farm |
| 26:28 | Construir | Farm |
| 26:31 | Construir | Farm |
| 26:32 | Construir | Farm |
| 26:50 | Construir | Farm |
| 26:50 | Construir | Farm |
| 27:22 | Crear | Villager (Male) |
| 27:22 | Crear | Villager (Male) |
| 28:42 | Crear | Trade Cart |
| 28:42 | Crear | Trade Cart |
| 29:23 | Investigar | Forging |
| 29:33 | Investigar | Horse Collar |
| 29:56 | Crear | Spearman |
| 29:56 | Crear | Spearman |
| 29:56 | Crear | Spearman |
| 29:56 | Crear | Spearman |
| 31:04 | Construir | Stone Wall |
| 31:14 | Construir | Building 487 |
| 32:15 | Crear | Spearman |
| 32:15 | Crear | Spearman |
| 32:16 | Crear | Spearman |
| 32:16 | Crear | Spearman |
| 32:16 | Crear | Spearman |
| 32:17 | Crear | Spearman |
| 32:17 | Crear | Spearman |
| 32:17 | Crear | Spearman |
| 32:17 | Crear | Spearman |
| 32:18 | Crear | Spearman |
| 32:40 | Construir | Watch Tower |
| 32:42 | Construir | Watch Tower |
| 34:37 | Construir | Mining Camp |
| 35:13 | Crear | Spearman |
| 35:14 | Crear | Spearman |
| 35:14 | Crear | Spearman |
| 35:14 | Crear | Spearman |
| 35:15 | Crear | Spearman |
| 35:15 | Crear | Spearman |
| 35:15 | Crear | Spearman |
| 35:16 | Crear | Spearman |
| 35:30 | Construir | Farm |
| 35:32 | Construir | Farm |
| 35:36 | Construir | Farm |
| 36:27 | Construir | Barracks |
| 37:36 | Construir | House |
| 37:38 | Construir | House |
| 37:40 | Construir | House |
| 37:42 | Construir | House |
| 38:12 | Construir | Archery Range |
| 38:13 | Construir | Archery Range |
| 38:15 | Construir | Archery Range |
| 38:22 | Crear | Spearman |
| 38:22 | Crear | Spearman |
| 38:22 | Crear | Spearman |
| 38:23 | Crear | Spearman |
Build order — kio6455
140 acciones detectadas en el replay
| 0:03 | Investigar | Loom |
| 0:05 | Crear | Villager (Male) ×4 |
| 1:01 | Construir | Palisade Wall |
| 1:21 | Construir | House |
| 1:21 | Construir | House |
| 1:21 | Construir | House |
| 1:22 | Construir | House |
| 2:47 | Construir | Lumber Camp |
| 3:54 | Crear | Villager (Male) |
| 4:30 | Crear | Villager (Male) |
| 5:14 | Crear | Villager (Male) |
| 5:25 | Crear | Villager (Male) |
| 5:45 | Crear | Villager (Male) |
| 6:10 | Crear | Villager (Male) |
| 6:26 | Crear | Villager (Male) |
| 6:44 | Crear | Villager (Male) |
| 6:44 | Crear | Villager (Male) |
| 8:44 | Construir | Mill |
| 9:00 | Crear | Villager (Male) |
| 10:32 | Investigar | Feudal Age |
| 10:39 | Construir | House |
| 10:40 | Construir | House |
| 10:41 | Construir | House |
| 10:41 | Construir | House |
| 10:41 | Construir | House |
| 10:42 | Construir | House |
| 12:26 | Construir | House |
| 12:28 | Construir | House |
| 12:29 | Construir | House |
| 12:43 | Investigar | Wheelbarrow |
| 12:48 | Investigar | Double-Bit Axe |
| 12:53 | Crear | Villager (Male) |
| 13:07 | Crear | Villager (Male) |
| 13:41 | Crear | Villager (Male) |
| 13:54 | Construir | Mining Camp |
| 14:24 | Crear | Villager (Male) |
| 14:59 | Crear | Villager (Male) ×3 |
| 15:15 | Construir | Market |
| 15:19 | Construir | Blacksmith |
| 16:59 | Crear | Villager (Male) ×2 |
| 17:07 | Construir | House |
| 17:08 | Construir | House |
| 17:08 | Construir | House |
| 17:08 | Construir | House |
| 17:09 | Construir | House |
| 17:09 | Construir | House |
| 17:09 | Construir | House |
| 17:10 | Construir | House |
| 18:11 | Crear | Villager (Male) ×3 |
| 18:11 | Crear | Villager (Male) |
| 18:14 | Crear | Villager (Male) |
| 18:32 | Construir | Farm |
| 18:32 | Construir | Farm |
| 18:33 | Construir | Farm |
| 18:33 | Construir | Farm |
| 18:34 | Construir | Farm |
| 18:34 | Construir | Farm |
| 18:35 | Construir | Farm |
| 18:37 | Construir | Farm |
| 18:37 | Construir | Farm |
| 18:38 | Construir | Farm |
| 19:08 | Construir | House |
| 19:08 | Construir | House |
| 19:08 | Construir | House |
| 19:09 | Construir | House |
| 20:06 | Crear | Villager (Male) ×2 |
| 20:19 | Crear | Villager (Male) |
| 20:41 | Crear | Villager (Male) ×2 |
| 20:41 | Crear | Villager (Male) |
| 20:47 | Construir | Farm |
| 21:09 | Investigar | Horse Collar |
| 21:17 | Construir | Farm |
| 21:26 | Crear | Villager (Male) |
| 21:40 | Construir | Farm |
| 21:46 | Crear | Villager (Male) ×2 |
| 21:59 | Construir | Farm |
| 22:03 | Construir | Farm |
| 22:31 | Construir | Farm |
| 22:54 | Construir | Farm |
| 23:14 | Construir | Farm |
| 23:20 | Construir | Farm |
| 23:56 | Construir | Stone Wall |
| 24:24 | Construir | Building 665 |
| 24:30 | Crear | Villager (Male) ×15 |
| 24:39 | Investigar | Castle Age |
| 25:57 | Investigar | Gold Mining |
| 25:59 | Investigar | Stone Mining |
| 27:31 | Investigar | Hand Cart |
| 27:36 | Investigar | Heavy Plow |
| 27:40 | Investigar | Bow Saw |
| 27:44 | Investigar | Gold Shaft Mining |
| 27:45 | Investigar | Stone Shaft Mining |
| 27:57 | Construir | Barracks |
| 28:04 | Crear | Villager (Male) ×9 |
| 28:49 | Construir | University |
| 29:03 | Construir | Monastery |
| 29:11 | Crear | Villager (Male) |
| 29:12 | Crear | Villager (Male) ×6 |
| 29:19 | Construir | Mining Camp |
| 29:56 | Investigar | Fortified Wall (upgrade) |
| 30:22 | Construir | Town Center |
| 31:34 | Construir | Town Center |
| 32:20 | Crear | Villager (Male) ×15 |
| 32:20 | Crear | Villager (Male) |
| 33:09 | Construir | Mining Camp |
| 34:15 | Crear | Villager (Male) |
| 34:15 | Crear | Villager (Male) ×15 |
| 34:16 | Crear | Villager (Male) |
| 34:33 | Investigar | Treadmill Crane |
| 34:34 | Investigar | Ballistics |
| 34:36 | Investigar | Masonry |
| 35:16 | Construir | Mining Camp |
| 35:48 | Investigar | Imperial Age |
| 35:50 | Crear | Villager (Male) |
| 35:51 | Crear | Villager (Male) ×15 |
| 35:51 | Crear | Villager (Male) |
| 36:30 | Construir | Farm |
| 36:30 | Construir | Farm |
| 36:41 | Investigar | Murder Holes |
| 36:55 | Construir | Farm |
| 36:55 | Construir | Farm |
| 37:17 | Construir | Farm |
| 37:17 | Construir | Farm |
| 37:39 | Investigar | Fletching |
| 37:40 | Investigar | Padded Archer Armor |
| 37:41 | Investigar | Scale Mail Armor |
| 37:42 | Investigar | Forging |
| 37:49 | Construir | House |
| 37:50 | Construir | House |
| 37:50 | Construir | House |
| 37:51 | Construir | House |
| 37:51 | Construir | House |
| 37:51 | Construir | House |
| 37:52 | Construir | House |
| 37:52 | Construir | House |
| 37:52 | Construir | House |
| 37:53 | Construir | House |
| 38:16 | Crear | Villager (Male) ×15 |
| 39:05 | Investigar | Bodkin Arrow |
| 39:06 | Investigar | Leather Archer Armor |
Cronología de la partida
| 0:50 | theshy来了 · wall_segment Palisade Wall x9 |
| 1:01 | kio6455 · wall_segment Palisade Wall x12 |
| 5:00 | WaitedFire4762 · first_building Dock |
| 9:14 | Fake · first_building Barracks |
| 10:37 | ElderWisdom8902 · first_building Barracks |
| 10:51 | ElderWisdom8902 · wall_segment Palisade Wall x5 |
| 10:55 | Zyiram · age_up feudal |
| 10:56 | ElderWisdom8902 · wall_segment Palisade Wall x5 |
| 11:12 | Elite Savage · first_building Dock |
| 11:21 | Elite Savage · age_up feudal |
| 11:38 | 935032334 · age_up feudal |
| 11:50 | ElderWisdom8902 · wall_segment Palisade Wall x6 |
| 12:43 | Elite Savage · first_market_sell 100 wood |
| 13:46 | Fake · wall_segment Palisade Wall x12 |
| 13:57 | theshy来了 · age_up feudal |
| 14:11 | Fake · age_up feudal |
| 16:01 | ElderWisdom8902 · wall_segment Palisade Wall x15 |
| 16:06 | ElderWisdom8902 · first_building Stable |
| 16:20 | 935032334 · first_building Barracks |
| 16:40 | Elite Savage · age_up castle |
| 16:41 | theshy来了 · first_building Barracks |
| 18:51 | Elite Savage · first_market_buy 100 stone |
| 19:20 | ElderWisdom8902 · wall_segment Stone Wall x6 |
| 20:15 | 935032334 · age_up castle |
| 20:36 | 935032334 · first_building Siege Workshop |
| 20:46 | Zyiram · first_building Barracks |
| 20:53 | ElderWisdom8902 · wall_segment Palisade Wall x3 |
| 21:14 | theshy来了 · age_up castle |
| 21:35 | ElderWisdom8902 · wall_segment Palisade Wall x14 |
| 22:29 | Elite Savage · first_building Monastery |
| 23:23 | ElderWisdom8902 · wall_segment Palisade Wall x10 |
| 23:33 | Zyiram · first_market_buy 100 food |
| 23:56 | kio6455 · wall_segment Stone Wall x16 |
| 24:14 | Elite Savage · first_building Siege Workshop |
| 24:57 | Elite Savage · first_building Barracks |
| 25:20 | ElderWisdom8902 · first_building Archery Range |
| 25:45 | ElderWisdom8902 · first_market_sell 100 wood |
| 25:49 | ElderWisdom8902 · first_market_buy 100 food |
| 26:14 | Zyiram · first_building Archery Range |
| 26:40 | Elite Savage · first_building Stable |
| 27:36 | Zyiram · age_up castle |
| 27:36 | 935032334 · first_building Castle |
| 27:57 | kio6455 · first_building Barracks |
| 28:03 | Elite Savage · first_building Castle |
| 28:06 | theshy来了 · first_building Monastery |
| 28:56 | Zyiram · first_building Castle |
| 28:59 | theshy来了 · wall_segment Stone Wall x6 |
| 29:03 | kio6455 · first_building Monastery |
| 29:09 | theshy来了 · wall_segment Stone Wall x6 |
| 29:52 | Elite Savage · age_up imperial |
| 30:33 | theshy来了 · first_building Castle |
| 31:04 | Fake · wall_segment Stone Wall x10 |
| 31:23 | WaitedFire4762 · first_building Barracks |
| 32:04 | Zyiram · first_building Dock |
| 32:07 | theshy来了 · wall_segment Stone Wall x11 |
| 33:53 | 935032334 · wall_segment Stone Wall x14 |
| 33:55 | WaitedFire4762 · first_building Stable |
| 35:11 | WaitedFire4762 · first_building Castle |
| 35:25 | WaitedFire4762 · first_building Monastery |
| 35:58 | 935032334 · age_up imperial |
| 36:20 | theshy来了 · first_market_buy 100 wood |
| 38:12 | Fake · first_building Archery Range |
| 38:15 | 935032334 · resign |
| 38:24 | Zyiram · wall_segment Stone Wall x11 |
[ ANÁLISIS IA · 1 CRÉDITO ]
¿Qué pasó realmente en esta partida?
Wolo.gg analiza cada decisión: build order, eco, micro, errores típicos por bracket. Análisis personalizado por WhatsApp o Discord en 30 segundos.
Guía civ
Britanos
Guía mapa
Black Forest
Perfil
Jugador #4214039